[Event "Team 45 45 League T77"]
[Site "Internet Chess Club"]
[Date "2018.07.01"]
[Round "2"]
[White "fishhead"]
[Black "SlimeDog2"]
[Result "0-1"]
[WhiteElo "1655"]
[BlackElo "2010"]
[Opening "Ruy Lopez: closed, anti-Marshall 8.a4"]
[ECO "C88"]
[Time "20:04:56"]
[TimeControl "2700+45"]

1. e4 e5 2. Nf3 Nc6 3. Bb5 a6 4. Ba4 Nf6 5. O-O Be7 6. Re1 b5 7. Bb3 O-O 8. a4
b4 9. d4 d6 10. c3 bxc3 11. bxc3 Bg4 12. h3 Bxf3 13. gxf3 Nh5 14. f4 Nxf4 15.
Bxf4 exf4 16. Qg4 Rb8 17. Nd2 Na5 18. Bc2 Rb2 19. Rac1 c5 20. Nf3 Qc8 21. Qxf4
Qxh3 22. e5 Nc4 23. Bf5 Qh5 24. Kg2 cxd4 25. cxd4 dxe5 26. dxe5 Bc5 27. Bc2 Rxc2
28. Rxc2 Qg6+ 29. Ng5 Qxc2 {White resigns} 0-1

[Event "Team 45 45 League T77"]
[Site "Internet Chess Club"]
[Date "2018.07.01"]
[Round "2"]
[White "Goli"]
[Black "justice02"]
[Result "0-1"]
[WhiteElo "1639"]
[BlackElo "1662"]
[Opening "French: exchange variation"]
[ECO "C01"]
[Time "16:01:04"]
[TimeControl "2700+45"]

1. e4 e6 2. d4 d5 3. exd5 exd5 4. Bd3 Ne7 5. Nf3 Bf5 6. O-O Nbc6 7. Re1 Bxd3 8.
Qxd3 Qd6 9. Nc3 Nb4 10. Qe2 O-O-O 11. a3 Nbc6 12. b4 Qf6 13. Qd3 h6 14. Ne5 Ng6
15. Nxc6 Qxc6 16. b5 Qd7 17. a4 Bb4 18. Bd2 Rhe8 19. Ne2 Bxd2 20. Qxd2 Qg4 21.
h3 Qh4 22. Ng3 Nf4 23. c3 Qg5 24. Qd1 f5 25. Qf3 g6 26. Ne2 Ne6 27. g3 Qf6 28.
Nf4 Ng5 29. Qg2 Ne4 30. Re3 g5 31. Nh5 Qg6 32. g4 f4 33. Ree1 Nxc3 34. Rxe8 Qxe8
35. Ng7 Qe2 36. Qf1 Qd2 37. Nf5 Re8 38. Nxh6 Ne2+ 39. Kg2 Qxd4 40. Nf5 Qe4+ 41.
f3 Qc2 42. Qf2 d4 43. Re1 d3 44. Nd4 Qxa4 45. Nxe2 d2 46. Nc3 dxe1=Q 47. Nxa4
Re2 {White resigns} 0-1

[Event "Team 45 45 League T77"]
[Site "Internet Chess Club"]
[Date "2018.06.30"]
[Round "2"]
[White "kaiclc"]
[Black "zap2"]
[Result "1-0"]
[WhiteElo "1372"]
[BlackElo "1645"]
[Opening "Pirc defense"]
[ECO "B07"]
[Time "07:17:10"]
[TimeControl "2700+45"]

1. e4 d6 2. d4 Nf6 3. Nc3 e5 4. dxe5 dxe5 5. Qxd8+ Kxd8 6. Bg5 c6 7. O-O-O+ Ke8
8. Nf3 Nbd7 9. Bh4 Bb4 10. Bc4 Ba5 11. a3 Bc7 12. Ne1 Nc5 13. Nd3 Be6 14. Nxc5
Bxc4 15. Nxb7 Ke7 16. Na4 Bb6 17. f4 Be3+ 18. Kb1 Bxf4 19. Nac5 g5 20. Bf2 Ng4
21. Rd7+ Kf6 22. Bg1 Bf1 23. Bf2 Bxg2 24. Rhd1 Kg6 25. Bg1 Bh3 26. R1d3 Bf1 27.
R3d6+ f6 28. Ne6 Be3 29. Bxe3 Nxe3 30. Rxc6 Rac8 31. Rg7+ Kh6 32. Rf7 Kg6 33.
Rg7+ Kh6 34. Rxc8 Rxc8 35. Rf7 Kg6 36. Nd6 Rxc2 37. Nf8+ Kh5 38. Nf5 Bd3 39.
Rxh7+ Kg4 40. Nxe3+ Kf4 41. Nxc2 Kxe4 42. Rxa7 f5 43. Ne6 g4 44. Nc5+ Kf3 45.
Nxd3 e4 46. Ne5+ Kf4 47. Ra5 e3 48. Nd3+ Ke4 49. Nce1 e2 50. Re5+ Kd4 51. Rxf5
Ke3 52. Kc2 Ke4 53. Kc3 Kxf5 54. Kd2 Kg5 55. Kxe2 Kh4 56. Nf4 Kg5 57. Ke3 Kh4
58. a4 g3 59. Neg2+ Kg4 60. hxg3 Kxg3 61. a5 Kg4 62. a6 {Black resigns} 1-0

[Event "Team 45 45 League T77"]
[Site "Internet Chess Club"]
[Date "2018.06.29"]
[Round "2"]
[White "MovingDutchman"]
[Black "bobhill"]
[Result "1-0"]
[WhiteElo "2145"]
[BlackElo "1847"]
[Opening "Nimzovich-Larsen attack: English variation"]
[ECO "A01"]
[Time "18:00:17"]
[TimeControl "2700+45"]

1. b3 c5 2. Bb2 Nc6 3. e3 Nf6 4. Nf3 d6 5. c4 g6 6. Nc3 Bg7 7. d4 cxd4 8. Nxd4
O-O 9. Bd3 Bd7 10. Qd2 a6 11. O-O Ne5 12. Bc2 Qc7 13. f4 Nc6 14. Rae1 Rad8 15.
f5 Bc8 16. fxg6 fxg6 17. a3 e5 18. Nf3 Ne7 19. Ne4 Nxe4 20. Bxe4 Qb6 21. Qd3 Bf5
22. Bxf5 Rxf5 23. Kh1 d5 24. cxd5 Rxd5 25. Qc4 Kh8 26. e4 Rc5 27. Qa4 Rf8 28.
Nxe5 Rxf1+ 29. Rxf1 h6 30. Nd7 Qb5 31. Bxg7+ Kh7 32. Qxb5 Rxb5 33. Bb2 Rxb3 34.
Rf7+ Kg8 35. Rf8+ {Black resigns} 1-0

[Event "Team 45 45 League T77"]
[Site "Internet Chess Club"]
[Date "2018.07.01"]
[Round "2"]
[White "Yedixon"]
[Black "kllrchris"]
[Result "1-0"]
[WhiteElo "1715"]
[BlackElo "1633"]
[Opening "Ruy Lopez: exchange variation"]
[ECO "C68"]
[Time "21:20:26"]
[TimeControl "2700+45"]

1. e4 e5 2. Nf3 Nc6 3. Bb5 a6 4. Bxc6 bxc6 5. d3 d6 6. c4 Nf6 7. Nc3 Bg4 8. h3
Be6 9. O-O h6 10. b3 c5 11. Bd2 g5 12. Qc1 g4 13. hxg4 Bxg4 14. Nh2 Bh5 15. f4
exf4 16. Bxf4 Bg7 17. e5 dxe5 18. Bxe5 O-O 19. Qf4 Nh7 20. Bxg7 Kxg7 21. Qe5+ f6
22. Qxh5 Qd4+ 23. Rf2 Qxc3 24. Raf1 Qxd3 25. Ng4 Qg6 26. Qh4 Qg5 27. Qg3 h5 28.
Qxc7+ Rf7 29. Qc6 hxg4 30. Qxa8 g3 31. Rf5 Qh4 32. R1f4 Qh2+ 33. Kf1 Qh1+ 34.
Ke2 Re7+ 35. Kf3 Qe1 36. Re4 Qc3+ 37. Kg4 Rxe4+ 38. Qxe4 {Black resigns} 1-0

[Event "Team 45 45 League T77"]
[Site "Internet Chess Club"]
[Date "2018.06.30"]
[Round "2"]
[White "Manon"]
[Black "Beetlejuice"]
[Result "1-0"]
[WhiteElo "1763"]
[BlackElo "1712"]
[Opening "Dutch with c4 & Nc3"]
[ECO "A85"]
[Time "07:31:02"]
[TimeControl "2700+45"]

1. c4 f5 2. Nc3 Nf6 3. d4 g6 4. h4 Bg7 5. Nh3 d6 6. Bg5 O-O 7. Qd2 c6 8. O-O-O
Qe8 9. Bh6 Bxh6 10. Qxh6 e5 11. dxe5 dxe5 12. f3 Na6 13. e3 Rb8 14. Be2 b5 15.
cxb5 cxb5 16. Ng5 Qc6 17. Kb1 b4 18. Nd5 Rb7 19. Nxf6+ Qxf6 20. Bc4+ Kh8 21.
Bxa6 Rc7 22. Bxc8 Rfxc8 23. Rc1 Rxc1+ 24. Rxc1 Rxc1+ 25. Kxc1 Qe7 26. h5 gxh5
27. Qxh5 Kg8 28. Kd2 Qd7+ 29. Ke2 Qe7 30. Qh6 Qc7 31. Qe6+ Kh8 32. Qe8+ {Black
resigns} 1-0

[Event "Team 45 45 League T77"]
[Site "Internet Chess Club"]
[Date "2018.06.30"]
[Round "2"]
[White "Fianchettoed"]
[Black "WillC"]
[Result "1-0"]
[WhiteElo "1764"]
[BlackElo "1709"]
[Opening "King's Indian: 3.g3"]
[ECO "D74"]
[Time "13:31:26"]
[TimeControl "2700+45"]

1. d4 Nf6 2. c4 g6 3. g3 Bg7 4. Bg2 O-O 5. Nf3 d5 6. Nc3 e6 7. O-O b6 8. Ne5 Bb7
9. Qc2 a6 10. Rd1 c6 11. e4 dxc4 12. Nxc4 Nbd7 13. e5 Nd5 14. Nd6 Qc7 15. Nxd5
exd5 16. Bxd5 Nb8 17. Bf4 Qe7 18. Bb3 Ra7 19. Qd2 Bc8 20. Bg5 Qd7 21. Qf4 Qg4
22. Nxc8 Qxf4 23. Bxf4 Rxc8 24. Rac1 Re7 25. Be3 Kh8 26. f4 Rd8 27. d5 c5 28. d6
Red7 29. Ba4 b5 30. Bxb5 axb5 31. Rxc5 b4 32. Rdc1 f6 33. Rc7 fxe5 34. Rxd7 Nxd7
35. fxe5 Bxe5 36. Bg5 Bf6 37. Bxf6+ Nxf6 38. Rd1 Rd7 39. Rd4 Rb7 40. a3 bxa3 41.
bxa3 Kg7 42. Rc4 Ne8 43. Rd4 Rd7 44. a4 Rxd6 45. Rb4 Ra6 46. Kf2 Kf6 47. Kf3 Nc7
48. Ke4 Ne6 49. Kd5 Ra5+ 50. Kc6 Ng5 51. Kb6 Re5 52. a5 Nf3 53. Rf4+ Kg5 54.
Rxf3 Kg4 55. Ra3 Kh3 56. Ra2 Re6+ 57. Kc7 Re7+ 58. Kd6 Ra7 59. a6 g5 60. Kc6 g4
61. Kd6 h5 62. Ke5 h4 63. gxh4 Kxh4 64. Ra3 Kg5 65. Kd6 Kh4 66. Kc6 Rf7 67. a7
Rf6+ 68. Kd5 Rf5+ 69. Ke6 Rf3 70. a8=Q {Black resigns} 1-0

[Event "Team 45 45 League T77"]
[Site "Internet Chess Club"]
[Date "2018.06.28"]
[Round "2"]
[White "SlimeDog2"]
[Black "HomerSimpson"]
[Result "0-1"]
[WhiteElo "2006"]
[BlackElo "2018"]
[Opening "Nimzo-Indian: 4.e3 O-O, 5.Bd3 d5"]
[ECO "E48"]
[Time "22:00:35"]
[TimeControl "2700+45"]

1. d4 Nf6 2. c4 e6 3. Nc3 Bb4 4. e3 O-O 5. Bd3 d5 6. Ne2 dxc4 7. Bxc4 c5 8. O-O
cxd4 9. exd4 Nc6 10. Bg5 Be7 11. a3 b6 12. Qd3 Bb7 13. Ba2 Nd5 14. Bb1 g6 15.
Bh6 Re8 16. Ba2 Nxc3 17. bxc3 Bg5 18. Qh3 Rc8 19. Rfd1 Na5 20. Nf4 Bxh6 21. Qxh6
Rxc3 22. d5 exd5 23. Bxd5 Bxd5 24. Nxd5 Rc5 25. Ne3 Qg5 26. Qxg5 Rxg5 27. Rd7
Nc6 28. Rc1 Re6 29. h4 Ra5 30. Nd5 Kf8 31. Nf4 Re4 32. Nd3 Rd4 {White resigns}
0-1

[Event "Team 45 45 League T77"]
[Site "Internet Chess Club"]
[Date "2018.06.29"]
[Round "2"]
[White "ArturitoGalacti"]
[Black "Sloggi"]
[Result "1/2-1/2"]
[WhiteElo "1895"]
[BlackElo "1917"]
[Opening "English opening"]
[ECO "A21"]
[Time "23:54:22"]
[TimeControl "2700+45"]

1. c4 e5 2. Nc3 d6 3. g3 Be6 4. Bg2 c6 5. b3 Qd7 6. Bb2 Nf6 7. d4 exd4 8. Qxd4
Be7 9. O-O-O O-O 10. Ne4 Ne8 11. Nf3 h6 12. h3 Na6 13. Kb1 d5 14. Nc3 c5 15. Qd2
d4 16. Nd5 Bxd5 17. cxd5 Qf5+ 18. Qd3 Qxd3+ 19. exd3 Rd8 20. Rhe1 Bf6 21. Ne5
Nb4 22. Ba3 Nxd5 23. Bxc5 Nc3+ 24. Kc2 Nxd1 25. Kxd1 Nd6 26. Nc4 Nxc4 27. Bxf8
Nb2+ 28. Kc2 Nxd3 29. Kxd3 Kxf8 30. Bxb7 g5 31. Rc1 Rd7 32. Be4 Ke7 33. b4 Be5
34. b5 Kd8 35. a4 Rc7 36. Bc6 Ke7 37. Ke4 Ke6 38. Kd3 f5 39. Re1 Kd6 40. f4 gxf4
41. gxf4 Bf6 42. Re2 Rg7 43. Rg2 Kc5 {Game drawn by mutual agreement} 1/2-1/2

[Event "Team 45 45 League T77"]
[Site "Internet Chess Club"]
[Date "2018.06.30"]
[Round "2"]
[White "IndianTaker"]
[Black "cysk"]
[Result "0-1"]
[WhiteElo "1728"]
[BlackElo "1774"]
[Opening "Scandinavian: Pytel-Wade variation"]
[ECO "B01"]
[Time "21:20:37"]
[TimeControl "2700+45"]

1. e4 d5 2. exd5 Qxd5 3. Nc3 Qd6 4. Nf3 Nf6 5. d4 a6 6. Ne5 Nc6 7. Nxc6 Qxc6 8.
Bf4 Bf5 9. Be2 O-O-O 10. O-O h6 11. Bf3 Qc4 12. Be3 e5 13. d5 e4 14. Be2 Qb4 15.
Qd2 Nxd5 16. a3 Qd6 17. Rfd1 Nf6 18. Qe1 Qe5 19. Rxd8+ Kxd8 20. Rd1+ Bd6 21. g3
Qe6 22. Bf4 Ke7 23. Bxd6+ cxd6 24. Qd2 Rd8 25. Na4 b5 26. Nc5 Qc8 27. Nb3 Bg4
28. Bxg4 Nxg4 29. Nd4 Qc5 30. Qf4 Nf6 31. Nf5+ Kf8 32. Nxh6 d5 33. Nf5 Qxc2 34.
Rc1 Qxb2 35. Qg5 e3 36. Qxg7+ Ke8 37. Nd6+ Rxd6 38. Rc8+ Kd7 39. Ra8 Qxf2+ 40.
Kh1 Qf1# {White checkmated} 0-1

[Event "Team 45 45 League T77"]
[Site "Internet Chess Club"]
[Date "2018.07.01"]
[Round "2"]
[White "Monterrey"]
[Black "janh"]
[Result "0-1"]
[WhiteElo "1917"]
[BlackElo "1926"]
[Opening "QGD: Chigorin defense"]
[ECO "D07"]
[Time "18:03:58"]
[TimeControl "2700+45"]

1. d4 d5 2. c4 Nc6 3. Nc3 dxc4 4. d5 Ne5 5. Bf4 Ng6 6. Bg3 e5 7. e4 Bd6 8. Bxc4
Nf6 9. Nf3 O-O 10. Nd2 a6 11. O-O Qe7 12. a3 Bd7 13. b4 a5 14. bxa5 Rxa5 15. a4
Bb4 16. Ndb1 Rfa8 17. Ra2 Qc5 18. Qb3 Ne8 19. Rc1 Nd6 20. Bd3 Bxa4 21. Qb2 Bxc3
22. Nxc3 Bd7 23. Rxa5 Qxa5 24. h4 f6 25. h5 Nf8 26. h6 b5 27. hxg7 Kxg7 28. Ne2
Ra7 29. f4 Qa3 30. Qd2 Ng6 31. fxe5 fxe5 32. Bf2 Rb7 33. Be3 Nf7 34. Bc5 Qa6 35.
Rf1 Bg4 36. Ng3 Nf4 37. Nf5+ Bxf5 38. exf5 Qf6 39. Be4 Nd6 40. Rxf4 exf4 41. Bd4
Nxe4 42. Bxf6+ Nxf6 43. Qc3 b4 44. Qc6 Ra7 45. Qc5 Ra1+ 46. Kh2 Kg8 47. Qd4 Ra6
48. Qxb4 Nxd5 49. Qe4 Rd6 50. Kh3 Rh6+ {White resigns} 0-1

[Event "Team 45 45 League T77"]
[Site "Internet Chess Club"]
[Date "2018.06.28"]
[Round "2"]
[White "primerpaso"]
[Black "achessman"]
[Result "0-1"]
[WhiteElo "1834"]
[BlackElo "1875"]
[Opening "English: Caro-Kann defensive system"]
[ECO "A11"]
[Time "21:02:09"]
[TimeControl "2700+45"]

1. c4 c6 2. Nc3 d5 3. cxd5 cxd5 4. d4 Nc6 5. g3 Nf6 6. Bg2 Bf5 7. Nf3 e6 8. O-O
h6 9. Bf4 Rc8 10. Qb3 Qb6 11. Qxb6 axb6 12. Na4 Nd7 13. Rfc1 g5 14. Bd2 Bd6 15.
Nc3 Ke7 16. Nb5 Bb8 17. Rc3 Nf6 18. Rac1 Ne4 19. Re3 Kf6 20. Be1 Na5 21. Rxc8
Rxc8 22. Bxa5 bxa5 23. Nc3 Nd6 24. Ne5 Nc4 25. Nxc4 Rxc4 26. Rf3 g4 27. Re3 Rxd4
28. a3 Ba7 {White resigns} 0-1

[Event "Team 45 45 League T77"]
[Site "Internet Chess Club"]
[Date "2018.07.02"]
[Round "2"]
[White "laurenpar"]
[Black "ANGELLR"]
[Result "1-0"]
[WhiteElo "1871"]
[BlackElo "1823"]
[Opening "QGD semi-Slav"]
[ECO "D43"]
[Time "22:10:09"]
[TimeControl "2700+45"]

1. d4 d5 2. c4 c6 3. Nc3 Nf6 4. Nf3 e6 5. Bg5 Nbd7 6. Qc2 Be7 7. e3 O-O 8. O-O-O
Qc7 9. Kb1 a6 10. h4 Re8 11. e4 dxe4 12. Nxe4 b5 13. c5 Nd5 14. Qd2 e5 15. Bxe7
Rxe7 16. Nd6 exd4 17. Nf5 Re6 18. N3xd4 Rf6 19. Qg5 g6 20. Nh6+ Kh8 21. Ndf5 Qe5
22. Bc4 Qe4+ 23. Bd3 Qb4 24. Rhe1 Bb7 25. Rc1 Nxc5 26. Ne7 Nxd3 27. Re2 Qf4 28.
Nxd5 cxd5 29. Rc7 Rb8 30. Rxb7 Rxb7 31. Re8+ Kg7 32. Rg8# {Black checkmated} 1-0

[Event "Team 45 45 League T77"]
[Site "Internet Chess Club"]
[Date "2018.06.30"]
[Round "2"]
[White "QuieroAprender"]
[Black "LookImYourVader"]
[Result "1/2-1/2"]
[WhiteElo "1596"]
[BlackElo "1815"]
[Opening "Scandinavian defense"]
[ECO "B01"]
[Time "15:38:50"]
[TimeControl "2700+45"]

1. e4 d5 2. exd5 Nf6 3. Nc3 Nxd5 4. Qf3 Nxc3 5. Bc4 e6 6. dxc3 Qf6 7. Bb5+ c6 8.
Qxf6 gxf6 9. Ba4 Rg8 10. g3 Bd6 11. Ne2 Nd7 12. b4 Nb6 13. Bb3 a5 14. Be3 Nd5
15. Bxd5 cxd5 16. b5 a4 17. f4 Bd7 18. b6 e5 19. Rf1 Rc8 20. Rd1 Bc5 21. Kf2
exf4 22. gxf4 Bh3 23. Rfe1 Rg2+ 24. Kf3 Bxe3 25. Kxe3 Be6 26. Rg1 Rxh2 27. Rh1
Rxe2+ 28. Kxe2 Bg4+ 29. Kd3 Bxd1 30. Rxd1 Kd7 31. Rh1 Rc4 32. Rxh7 Ke6 33. Rh4
Rc6 34. f5+ Kxf5 35. Rxa4 Rxb6 36. Rb4 Ra6 37. Rxb7 Rxa2 38. Rxf7 {Game drawn by
mutual agreement} 1/2-1/2

[Event "Team 45 45 League T77"]
[Site "Internet Chess Club"]
[Date "2018.06.27"]
[Round "2"]
[White "AboardBuffalo"]
[Black "ascoli"]
[Result "0-1"]
[WhiteElo "1544"]
[BlackElo "1745"]
[Opening "Caro-Kann: advance variation"]
[ECO "B12"]
[Time "13:00:13"]
[TimeControl "2700+45"]

1. e4 c6 2. d4 d5 3. e5 Bf5 4. Nc3 e6 5. Nf3 Qb6 6. Be2 c5 7. O-O Nc6 8. Na4 Qa5
9. c3 c4 10. b4 Qc7 11. Be3 a6 12. a3 Na7 13. Nb2 Nb5 14. Qd2 Rc8 15. a4 Na7 16.
Nh4 Ne7 17. Bg5 Bg6 18. Nxg6 hxg6 19. Bxe7 Bxe7 20. Rfb1 b6 21. g3 Kd7 22. Nd1
Rh7 23. Ne3 Rch8 24. Nf1 Qd8 25. b5 a5 26. f4 Nc8 27. Bf3 Bf8 28. Qg2 Ne7 29.
Bg4 Nf5 30. Bxf5 gxf5 31. Ra2 Rh3 32. Qf2 g5 33. fxg5 Qxg5 34. Qe3 Qg6 35. Qe1
R8h4 36. Rg2 Re4 37. Qf2 Qg4 38. Ne3 Qg5 39. Nf1 Bh6 40. Re1 Qg4 41. Rxe4 Qxe4
42. Qe2 Qb1 43. Qc2 Be3+ 44. Kh1 Qxf1+ 45. Rg1 Qxg1# {White checkmated} 0-1

[Event "Team 45 45 League T77"]
[Site "Internet Chess Club"]
[Date "2018.06.27"]
[Round "2"]
[White "ChessRooklift"]
[Black "ChessPlayer2005"]
[Result "1-0"]
[WhiteElo "1668"]
[BlackElo "1509"]
[Opening "two knights: Max Lange attack"]
[ECO "C44"]
[Time "19:00:56"]
[TimeControl "2700+45"]

1. e4 e5 2. Nf3 Nc6 3. d4 exd4 4. Bc4 Bc5 5. O-O Nf6 6. e5 d5 7. Bb5 Ne4 8. Nxd4
Bxd4 9. Qxd4 O-O 10. Bxc6 bxc6 11. f3 Ng5 12. c3 Bf5 13. Qf4 Bxb1 14. Qxg5 Qxg5
15. Bxg5 Bg6 16. Rfe1 Rfe8 17. b3 c5 18. Rad1 c6 19. Bh4 a5 20. Bf2 c4 21. bxc4
dxc4 22. Rd6 Re6 23. Bc5 Rb8 24. Kf2 Bd3 25. a3 Rb2+ 26. Kg3 g5 27. Re3 Bf1 28.
Rd8+ Kg7 29. f4 Rxg2+ 30. Kf3 Rxh2 31. f5 Rh3+ 32. Kf2 Rxe3 33. Bf8+ Kg8 34.
Bh6+ {Black resigns} 1-0

[Event "Team 45 45 League T77"]
[Site "Internet Chess Club"]
[Date "2018.06.28"]
[Round "2"]
[White "learnedberry1"]
[Black "edelgado"]
[Result "0-1"]
[WhiteElo "1489"]
[BlackElo "1483"]
[Opening "French: Rubinstein variation"]
[ECO "C03"]
[Time "19:00:14"]
[TimeControl "2700+45"]

1. e4 e6 2. d4 d5 3. Nd2 dxe4 4. Nxe4 Nd7 5. Nf3 Ngf6 6. Bd3 c5 7. dxc5 Nxe4 8.
Bxe4 Bxc5 9. O-O O-O 10. Ng5 Nf6 11. Qe2 h6 12. Nf3 Nxe4 13. Qxe4 Qf6 14. c3 Qf5
15. Qe2 b6 16. Nd4 Bxd4 17. cxd4 Bb7 18. Be3 Qd5 19. f3 Rac8 20. b3 Rc6 21. Rac1
Rfc8 22. Rxc6 Rxc6 23. Qd2 e5 24. Rd1 Rg6 25. Kf2 Rxg2+ 26. Kxg2 Qxf3+ 27. Kg1
Qh1+ 28. Kf2 Qxh2+ 29. Ke1 Qh1+ 30. Ke2 Bf3+ 31. Kf2 Bxd1 32. dxe5 Qf3+ 33. Kg1
Qg4+ 34. Kf1 Qf5+ 35. Kg1 Bh5 36. Bf4 Kh7 37. Qe3 Qb1+ 38. Qc1 Qxa2 39. Qc4 Qb1+
40. Kg2 Qg6+ 41. Kf1 Qf5 42. Ke1 g5 43. Bg3 Bg6 44. Kd1 Qf3+ {White resigns} 0-1

[Event "Team 45 45 League T77"]
[Site "Internet Chess Club"]
[Date "2018.06.30"]
[Round "2"]
[White "BrerRabbit"]
[Black "MartyJR"]
[Result "0-1"]
[WhiteElo "1375"]
[BlackElo "1474"]
[Opening "Queen's pawn: London system"]
[ECO "A45"]
[Time "15:03:45"]
[TimeControl "2700+45"]

1. d4 Nf6 2. Bf4 g6 3. e3 Bg7 4. Nf3 O-O 5. Be2 d6 6. O-O b6 7. h3 Bb7 8. a4 a5
9. c3 Nbd7 10. Na3 Rc8 11. Nb5 c6 12. Na3 Ne4 13. Nd2 Nxd2 14. Qxd2 e5 15. dxe5
dxe5 16. Bg3 Nc5 17. Qc2 Qe7 18. Rad1 Rfd8 19. Rxd8+ Rxd8 20. Rd1 Rxd1+ 21. Bxd1
Qd7 22. Nc4 Qc7 23. Bf3 b5 24. axb5 cxb5 25. Bxb7 Nxb7 26. Nd2 Qd7 27. Nf3 f6
28. Nd2 a4 29. e4 Nc5 30. f3 Bh6 31. Nb1 Be3+ 32. Kf1 Nb3 33. Bf2 Bxf2 34. Kxf2
Qa7+ 35. Kf1 Qd7 36. Ke2 Qc6 37. Qd1 Qc4+ 38. Ke3 Qc5+ 39. Ke2 Qc4+ 40. Ke3 Kg7
41. Qd3 Qc5+ 42. Ke2 Nc1+ {White resigns} 0-1

[Event "Team 45 45 League T77"]
[Site "Internet Chess Club"]
[Date "2018.07.02"]
[Round "2"]
[White "a-man"]
[Black "andrew37"]
[Result "1-0"]
[WhiteElo "1731"]
[BlackElo "1667"]
[Opening "QGD Slav: 3.Nf3"]
[ECO "D11"]
[Time "15:30:22"]
[TimeControl "2700+45"]

1. d4 d5 2. c4 c6 3. Nf3 Nf6 4. g3 Bf5 5. Nc3 e6 6. Nh4 dxc4 7. Nxf5 exf5 8. Bh3
g6 9. O-O Bg7 10. Bf4 O-O 11. Qd2 Nh5 12. Rad1 Nxf4 13. Qxf4 Na6 14. d5 Bxc3 15.
dxc6 Qb6 16. cxb7 Qxb7 17. Bg2 Qxb2 18. Bxa8 Rxa8 19. Qxc4 Qa3 20. Rd3 Qb4 21.
Rxc3 Qxc4 22. Rxc4 Re8 23. e3 Re7 24. Rb1 Kg7 25. Rc6 Nc7 26. Rb7 Nd5 27. Rxe7
Nxe7 28. Rc7 Kf6 29. Rxa7 Nd5 30. Kf1 h5 31. Ke2 Nc3+ 32. Kf3 Ne4 33. a4 Ke5 34.
a5 Ng5+ 35. Ke2 f6 {Black resigns} 1-0

[Event "Team 45 45 League T77"]
[Site "Internet Chess Club"]
[Date "2018.06.30"]
[Round "2"]
[White "QuieroAprender"]
[Black "President"]
[Result "1-0"]
[WhiteElo "1609"]
[BlackElo "1520"]
[Opening "Owen defense"]
[ECO "B00"]
[Time "18:02:26"]
[TimeControl "2700+45"]

1. e4 b6 2. d4 Bb7 3. Bd3 e6 4. b3 Nf6 5. f3 Bb4+ 6. c3 Be7 7. e5 Nd5 8. c4 Nb4
9. Be4 c6 10. a3 N4a6 11. b4 Nc7 12. Nc3 f5 13. Bc2 O-O 14. f4 a6 15. Nf3 b5 16.
c5 h6 17. Rg1 a5 18. Bb2 axb4 19. axb4 Nba6 20. Ba3 Qe8 21. h3 Qh5 22. Kf2 g5
23. g4 fxg4 24. hxg4 Qf7 25. f5 exf5 26. gxf5 Nd5 27. Nxd5 cxd5 28. Qd3 g4 29.
Rxg4+ Kh8 30. Rh1 Qh7 31. f6 Qxd3 32. Bxd3 {Black resigns} 1-0

[Event "Team 45 45 League T77"]
[Site "Internet Chess Club"]
[Date "2018.06.30"]
[Round "2"]
[White "Portola"]
[Black "drsigmund1"]
[Result "1-0"]
[WhiteElo "1709"]
[BlackElo "1516"]
[Opening "Colle system"]
[ECO "A40"]
[Time "16:00:58"]
[TimeControl "2700+45"]

1. d4 e6 2. c3 d5 3. Nf3 c5 4. e3 Nf6 5. Bd3 Be7 6. Nbd2 Nc6 7. O-O O-O 8. Qe2
Re8 9. Ne5 Bd6 10. f4 Ne7 11. g4 cxd4 12. exd4 Ng6 13. h3 Nd7 14. Ndf3 Ndf8 15.
Qc2 f5 16. gxf5 exf5 17. Bxf5 Qf6 18. Bxc8 Raxc8 19. Qb3 Bxe5 20. Qxd5+ Kh8 21.
fxe5 Qf5 22. Ng5 Qe6 {Black resigns} 1-0

[Event "Team 45 45 League T77"]
[Site "Internet Chess Club"]
[Date "2018.07.01"]
[Round "2"]
[White "BrianWood"]
[Black "g8wrb"]
[Result "1/2-1/2"]
[WhiteElo "1498"]
[BlackElo "1362"]
[Opening "Bogo-Indian defense, Nimzovich variation"]
[ECO "E11"]
[Time "16:07:10"]
[TimeControl "2700+45"]

1. d4 e6 2. c4 Nf6 3. Nf3 Bb4+ 4. Bd2 Qe7 5. a3 Bxd2+ 6. Nbxd2 O-O 7. g3 d5 8.
Bg2 Nc6 9. O-O b6 10. Qc2 Ba6 11. Qa4 Bb7 12. e3 Rfd8 13. Rac1 dxc4 14. Nxc4 Nb8
15. Nce5 {Game drawn by mutual agreement} 1/2-1/2

[Event "Team 45 45 League T77"]
[Site "Internet Chess Club"]
[Date "2018.06.27"]
[Round "2"]
[White "IndianTaker"]
[Black "Ajolote"]
[Result "1/2-1/2"]
[WhiteElo "1743"]
[BlackElo "1840"]
[Opening "Sicilian: dragon, classical, Richter variation"]
[ECO "B73"]
[Time "18:01:39"]
[TimeControl "2700+45"]

1. e4 g6 2. d4 Bg7 3. Nc3 c5 4. Nf3 cxd4 5. Nxd4 Nc6 6. Be3 d6 7. Be2 Nf6 8. O-O
O-O 9. Qd2 a6 10. Nxc6 bxc6 11. f4 Bg4 12. f5 Bxe2 13. Qxe2 Qa5 14. Qf3 Rab8 15.
Rab1 Nd7 16. Qh3 Ne5 17. fxg6 Nxg6 18. Bh6 Bxc3 19. Qxc3 Qxc3 20. bxc3 Rfc8 21.
Rb3 Rb5 22. Rfb1 Rcb8 23. c4 Rxb3 24. cxb3 f6 25. Bd2 Kf7 26. Kf2 Ne5 27. Rd1
Rg8 28. g3 h5 29. h3 Nd3+ 30. Kg2 Nc5 31. Re1 e5 32. Re3 Ke6 33. Bb4 Nb7 34. Rd3
Rd8 35. g4 hxg4 36. hxg4 Rg8 37. Kf3 Rh8 38. Kg2 Rh4 39. Kg3 Rh1 40. Rd2 a5 41.
Bc3 Nc5 42. Re2 Rg1+ 43. Kf3 Rf1+ 44. Kg3 Nb7 45. Bd2 Ra1 46. Be3 Rd1 47. Rd2
Rxd2 48. Bxd2 d5 49. cxd5+ cxd5 50. exd5+ Kxd5 51. g5 fxg5 52. Bxg5 Ke4 53. Kf2
Kd3 54. Ke1 e4 55. Be7 e3 56. a4 Kc3 57. b4 axb4 58. Bxb4+ Kxb4 59. Ke2 Kxa4 60.
Kxe3 {Game drawn because neither player has mating material} 1/2-1/2

[Event "Team 45 45 League T77"]
[Site "Internet Chess Club"]
[Date "2018.06.29"]
[Round "2"]
[White "Insan996"]
[Black "misuc56"]
[Result "1-0"]
[WhiteElo "1639"]
[BlackElo "1503"]
[Opening "QGD: 3.Nc3"]
[ECO "D31"]
[Time "20:13:03"]
[TimeControl "2700+45"]

1. d4 d5 2. c4 e6 3. Nc3 f5 4. Nf3 Nf6 5. e3 c6 6. Be2 Bd6 7. b3 a6 8. Bb2 O-O
9. O-O Qe7 10. Qc2 Nbd7 11. Rac1 Ne4 12. h3 h6 13. Nd2 Ndf6 14. Ndxe4 fxe4 15.
Rce1 Bd7 16. f3 exf3 17. Bxf3 Rac8 18. e4 dxe4 19. Nxe4 Nxe4 20. Bxe4 b5 21.
Rxf8+ Rxf8 22. d5 Bc5+ 23. Kh1 cxd5 24. cxd5 e5 25. Bxe5 Rf2 26. Qd3 Kf8 27. Qg3
g5 28. d6 Qf7 29. Bf3 Rxa2 30. h4 Bf2 31. Qh2 Bxe1 32. hxg5 Bf5 33. Qxh6+ Ke8
34. Bc6+ Bd7 35. Qh8+ Qf8 36. Bxd7+ Kf7 37. Qh7+ Qg7 38. Qxg7# {Black
checkmated} 1-0

[Event "Team 45 45 League T77"]
[Site "Internet Chess Club"]
[Date "2018.07.01"]
[Round "2"]
[White "mambo99"]
[Black "JPSVI"]
[Result "1-0"]
[WhiteElo "1517"]
[BlackElo "1321"]
[Opening "French: Tarrasch"]
[ECO "C03"]
[Time "14:45:46"]
[TimeControl "2700+45"]

1. e4 e6 2. d4 d5 3. Nd2 dxe4 4. Nxe4 Bd7 5. c4 Bc6 6. Nc3 Bb4 7. a3 Bxc3+ 8.
bxc3 Qf6 9. Bb2 Ne7 10. Qc2 O-O 11. f3 b6 12. Bd3 h6 13. Ne2 Nd7 14. O-O Bb7 15.
Rad1 c6 16. Ng3 Rfd8 17. Ne4 Qf4 18. Bc1 Qc7 19. Be3 Nf8 20. Qd2 e5 21. Bc2 Ne6
22. Qd3 f5 23. Nf2 Rd7 24. g4 Nc5 25. Qe2 exd4 26. cxd4 Ne6 27. gxf5 Nf4 28.
Bxf4 Qxf4 29. Qe6+ {Black resigns} 1-0

[Event "Team 45 45 League T77"]
[Site "Internet Chess Club"]
[Date "2018.06.30"]
[Round "2"]
[White "nidusin2"]
[Black "mongmong"]
[Result "0-1"]
[WhiteElo "1511"]
[BlackElo "1493"]
[Opening "Queen's pawn"]
[ECO "A40"]
[Time "21:02:03"]
[TimeControl "2700+45"]

1. d4 e6 2. Bf4 Nf6 3. e3 c5 4. Nf3 Qb6 5. Nc3 d5 6. Be2 Bd7 7. O-O Be7 8. Ne5
cxd4 9. exd4 Nc6 10. Nxd7 Nxd7 11. Nb5 Rc8 12. c3 a6 13. Nd6+ Bxd6 14. Bxd6 Nxd4
15. Qxd4 Qxd6 16. Qxg7 Rf8 17. Qxh7 Kd8 18. Qh4+ Kc7 19. Qg3 e5 20. Rfd1 Nb6 21.
a4 Rg8 22. Qf3 Qg6 23. a5 Nc4 24. Qxd5 Kb8 25. Bf3 Rc7 26. b3 f5 27. g3 e4 28.
Bg2 e3 29. bxc4 exf2+ 30. Kxf2 f4 31. Qd3 fxg3+ 32. hxg3 Rf8+ 33. Kg1 Qg5 34.
Qd6 Qe3+ 35. Kh2 Rh8+ 36. Bh3 Qf2+ {White resigns} 0-1